Map: Frost LE

Players

Maplez - Winner!

  • Race: Protoss Protoss
  • League: Master

Calypso

  • Race: Zerg Zerg
  • League: Master

VOD

Have the link to the VOD?

Description

Time

  • Played on: Aug. 18, 2016, 3:07 p.m.
  • Length: 7:02
Show
View Real Time Build Order
Export as new Build Order

Maplez Protoss - Winner!

Build Orders: Nexus First 

Get SALT Encoding   

  12  0:00  Probe (Chrono Boost)  
  13  0:11  Probe (Chrono Boost)  
  14  0:17  Pylon  
  14  0:22  Probe (Chrono Boost)  
  16  0:35  Probe (Chrono Boost)  
  16  0:46  Probe (Chrono Boost)  
  17  0:56  Probe (Chrono Boost)  
  18  1:02  Nexus  
  18  1:07  Probe (Chrono Boost)  
  19  1:14  Gateway  
  19  1:19  Assimilator  
  19  1:24  Assimilator  
  19  1:31  Pylon  
  19  1:34  Probe (Chrono Boost)  
  20  1:44  Probe (Chrono Boost)  
  21  1:55  Probe (Chrono Boost)  
  22  2:06  Probe (Chrono Boost)  
  23  2:09  Cybernetics Core  
  23  2:14  Probe (Chrono Boost)  
  24  2:19  Probe (Chrono Boost)  
  25  2:27  Probe (Chrono Boost)  
  26  2:34  Probe (Chrono Boost)  
  27  2:38  Probe (Chrono Boost), Warp Gate  
  27  2:42  Adept  
  28  2:44  Probe (Chrono Boost)  
  28  2:50  Twilight Council  
  32  2:51  Probe (Chrono Boost)  
  32  2:55  Probe (Chrono Boost)  
  33  3:00  Gateway  
  33  3:02  Gateway  
  34  3:05  Probe (Chrono Boost)  
  34  3:06  Probe (Chrono Boost)  
  34  3:08  Stalker  
  37  3:13  Resonating Glaives  
  37  3:17  Probe x2 (Chrono Boost)  
  39  3:29  Probe (Chrono Boost)  
  39  3:30  Probe (Chrono Boost)  
  41  3:39  Forge  
  43  3:41  Probe (Chrono Boost), Pylon  
  43  3:42  Probe (Chrono Boost)  
  43  3:50  Adept  
  43  3:53  Probe (Chrono Boost)  
  46  3:55  Pylon  
  46  3:59  Adept  
  50  4:03  Mothership Core (Chrono Boost), Protoss Ground Weapons Level 1  
  50  4:05  Probe (Chrono Boost)  
  51  4:10  Pylon  
  52  4:18  Probe (Chrono Boost)  
  52  4:30  Probe (Chrono Boost)  
  54  4:33  Probe (Chrono Boost)  
  54  4:34  Robotics Facility  
  54  4:42  Probe (Chrono Boost)  
  54  4:45  Probe (Chrono Boost)  
  54  4:52  Blink, Assimilator  
  55  4:54  Probe (Chrono Boost), Adept x2  
  55  4:57  Probe (Chrono Boost)  
  60  5:02  Pylon  
  60  5:06  Probe (Chrono Boost)  
  61  5:09  Probe (Chrono Boost), Nexus  
  61  5:12  Pylon  
  62  5:14  Assimilator  
  62  5:15  Adept  
  62  5:16  Adept x2  
  62  5:20  Warp Prism  
  68  5:24  Probe (Chrono Boost)  
  72  5:29  Probe (Chrono Boost)  
  72  5:34  Gateway  
  72  5:35  Gateway  
  72  5:37  Pylon  
  72  5:43  Photon Cannon  
  72  5:45  Probe (Chrono Boost)  
  73  5:54  Adept x2  
  73  5:55  Probe (Chrono Boost), Adept  
  80  6:09  Probe (Chrono Boost)  
  81  6:15  Probe (Chrono Boost), Adept x2  
  81  6:16  Adept  
  84  6:23  Probe (Chrono Boost)  
  84  6:24  Probe (Chrono Boost)  
  83  6:27  Probe (Chrono Boost)  
  85  6:36  Probe (Chrono Boost), Pylon  
  85  6:37  Probe (Chrono Boost)  
  85  6:38  Pylon  
  85  6:39  Probe (Chrono Boost)  
  88  6:43  Adept x3  
  88  6:46  Probe (Chrono Boost)  
  95  6:56  Assimilator  
  95  6:58  Assimilator  
  95  7:00  Pylon  
Show
View Real Time Build Order
Export as new Build Order

Calypso Zerg 

Build Orders: Hatch First 

Get SALT Encoding   

  12  0:01  Drone  
  13  0:09  Drone  
  14  0:19  Overlord  
  14  0:38  Drone x2  
  14  0:39  Drone  
  17  0:54  Drone  
  18  0:59  Hatchery  
  17  1:05  Drone  
  17  1:09  Extractor  
  17  1:17  Drone  
  18  1:20  Spawning Pool  
  17  1:28  Drone  
  18  1:35  Drone  
  19  1:50  Drone  
  20  2:00  Drone  
  21  2:10  Queen x2  
  21  2:11  Zergling x4  
  21  2:14  Metabolic Boost  
  27  2:29  Hatchery  
  26  2:42  Drone x2  
  28  2:47  Overlord  
  28  2:50  Overlord  
  28  2:59  Pneumatized Carapace  
  28  3:03  Evolution Chamber  
  28  3:04  Drone  
  28  3:06  Drone x3  
  28  3:09  Drone  
  32  3:21  Zergling x4  
  32  3:22  Zergling x2  
  32  3:23  Zergling x2  
  36  3:30  Drone x4  
  40  3:36  Drone  
  40  3:37  Drone  
  42  3:52  Drone x3  
  42  3:53  Drone x5  
  49  4:32  Overlord x2  
  44  4:47  Lair  
  44  4:49  Drone x5  
  44  4:50  Extractor, Drone x2  
  44  4:51  Drone  
  51  4:53  Drone  
  51  4:54  Drone  
  51  4:56  Zergling x6, Evolution Chamber x2  
  51  4:57  Queen  
  56  5:01  Queen  
  56  5:02  Drone  
  56  5:03  Drone x2  
  56  5:04  Zergling x6  
  56  5:05  Zergling x2  
  65  5:10  Baneling Nest  
  65  5:18  Drone  
  65  5:20  Overlord  
  66  5:21  Overlord x2  
  66  5:27  Overlord, Extractor  
  66  5:28  Extractor, Drone  
  65  5:31  Drone  
  65  5:32  Overlord x3  
  66  5:40  Drone x3  
  66  5:41  Drone x2  
  71  5:43  Drone  
  69  5:54  Zergling x6  
  69  5:57  Baneling x7  
  71  5:59  Zergling x4  
  71  6:08  Zergling x20  
  77  6:17  Zergling x2  
  66  6:21  Queen  
  66  6:23  Queen x2  
  66  6:24  Zergling x4  
  66  6:25  Zergling x2  
  68  6:29  Zergling x6  
  68  6:31  Zergling x4  
  68  6:34  Zergling x2  
  68  6:39  Drone  
  70  6:43  Drone  
Tags
 
Add a new tag
Caveats
  • Supply blocks, unpowered buildings, or Contaminate may cause inaccurate times.
  • Supply counts are checked every 10 seconds.